 Dungeon Crawl Stone Soup version 0.20-a0-971-g5896763 (webtiles) character file.

11005 nubinia the Reanimator (level 11, 0/83 HPs)
             Began as a Bultungin Necromancer on Apr 7, 2017.
             Was an Elder of Ashenzari.
             Slain by a wolf spider simulacrum (11 damage)
             ... in an ice cave on Apr 8, 2017.
             The game lasted 01:16:52 (9396 turns).

nubinia the Reanimator (Bultungin Necromancer)      Turns: 9396, Time: 01:16:52

Health: 0/83       AC: 10    Str:  8    XL:     11   Next: 71%
Magic:  14/24      EV: 18    Int: 18    God:    Ashenzari [****..]
Gold:   288        SH:  6    Dex: 15    Spells: 0/28 levels left

rFire    . . .     SeeInvis +   n - +2 dagger (pain) (curse)
rCold    . . .     Gourm    .   S - +0 buckler (curse)
rNeg     + . .     Faith    +   T - +0 leather armour (curse)
rPois    +         Spirit   .   U - +1 hat (curse)
rElec    .         Reflect  .   v - +2 cloak {rPois} (curse)
rCorr    .         Harm     .   H - +0 pair of gloves (curse)
MR       .....     Clarity  +   F - +0 pair of boots (curse)
Stlth    +++++.....             y - amulet of faith (curse)
Regen    0.3/turn               z - ring of positive energy (curse)
MPRegen  0.2/turn               (no ring)

@: no status effects
A: short attention span, fangs 1, see invisible, strong nose
a: Curse Item, Scrying, Renounce Religion


You were in an ice cave.
You worshipped Ashenzari.
Ashenzari was greatly pleased with you.
You were not hungry.

You visited 3 branches of the dungeon, and saw 12 of its levels.
You also visited: Ossuary and Ice Cave.

You collected 636 gold pieces.
You spent 348 gold pieces at shops.

Inventory:

Hand Weapons
 h - a +0 mace
 n - a cursed +2 dagger of pain (weapon)
 O - a cursed +4 war axe
Armour
 v - a cursed +2 cloak of poison resistance (worn)
 F - a cursed +0 pair of boots (worn)
 H - a cursed +0 pair of gloves (worn)
 S - a cursed +0 buckler (worn)
 T - a cursed +0 leather armour (worn)
 U - a cursed +1 hat (worn)
Jewellery
 y - a cursed amulet of faith (around neck)
 z - a cursed ring of positive energy (left hand)
Wands
 d - a wand of enslavement (2/24)
 A - a wand of paralysis (12/24)
 L - a wand of paralysis (13/24)
 Y - a wand of confusion (17/48)
Scrolls
 g - 6 scrolls of teleportation
 k - a scroll of fear {unknown}
 l - a scroll of amnesia {unknown}
 o - a scroll of enchant weapon
 q - a scroll of recharging
 s - 2 scrolls of immolation
 w - 2 scrolls of enchant armour
 I - 4 scrolls of identify
 J - a scroll of blinking {unknown}
 K - 2 scrolls of fog
 P - 3 scrolls of remove curse
 Q - a scroll of noise {unknown}
Potions
 b - a potion of invisibility
 e - 3 potions of curing
 f - 2 potions of magic
 p - a potion of agility
 r - 3 potions of haste
 t - a potion of might
 u - 3 potions of lignification
 B - a potion of flight
 C - a potion of brilliance
 D - a potion of heal wounds
 E - a potion of ambrosia
 M - 3 potions of resistance
 V - a potion of mutation
Books
 x - a book of Geomancy

   Spells                             Type                      Level
   a - Sandblast                      Earth                        1
   b - Passwall                       Transmutation/Earth          2
   c - Stone Arrow                    Conjuration/Earth            3
   d - Petrify                        Transmutation/Earth          4
   e - Lee's Rapid Deconstruction     Earth                        5
Comestibles
 c - 4 bread rations
 j - a chunk of flesh
 m - 6 meat rations
 G - 3 royal jellies
 N - 14 fruits


   Skills:
 + Level 6.7 Fighting
 + Level 8.8(11.0) Short Blades
 + Level 5.0 Armour
 - Level 8.2(10.7) Dodging
 - Level 9.0(11.1) Stealth
 + Level 3.5(7.0) Shields
 - Level 9.1 Spellcasting
 + Level 4.4(7.9) Conjurations
 + Level 0.8(2.8) Charms
 - Level 9.3(10.6) Necromancy
 * Level 3.9(7.4) Fire Magic
 + Level 5.8(8.8) Air Magic
 + Level 6.3(9.1) Poison Magic
 + Level 3.6(7.1) Evocations


You couldn't memorise any spells.
You knew the following spells:

 Your Spells              Type           Power        Failure   Level  Hunger
a - Pain                  Necr           ####         1%          1    None
b - Vampiric Draining     Necr           #####.....   1%          3    None
c - Mephitic Cloud        Conj/Pois/Air  #####...     1%          3    None
d - Animate Dead          Necr           N/A          1%          4    ###....
e - Magic Dart            Conj           ####         1%          1    None
f - Poisonous Vapours     Pois/Air       #####.       1%          2    None
g - Swiftness             Chrm/Air       ####....     1%          2    None
h - Sticky Flame          Conj/Fire      #####...     8%          4    ###....
r - Regeneration          Chrm/Necr      ####......   1%          3    None
C - Control Undead        Necr           #####.....   1%          4    ###....
S - Animate Skeleton      Necr           N/A          1%          1    None


Dungeon Overview and Level Annotations

Branches:
Dungeon (9/15)             Temple (1/1) D:4            Lair (2/6) D:9
  Snake (0/4) Lair:2
  Swamp: Lair:2-4    Shoals: Lair:2-4       Orc: D:9-12

Altars:
Ashenzari
Cheibriados
Dithmenos
Elyvilon
Fedhas
Gozag
Hepliaklqana
Kikubaaqudgha
Makhleb
Nemelex Xobeh
Okawaru
Qazlal
Ru
Sif Muna
Trog
Uskayaw
Vehumet
Wu Jian
Xom
Yredelemnul
Zin
The Shining One

Shops:
D:4 [!?


Innate Abilities, Weirdness & Mutations

You have a short attention span.
You have very sharp teeth.
You have supernaturally acute eyesight. (SInv)
Your uncanny sense of smell can sniff out nearby items.


Message History

* * * LOW HITPOINT WARNING * * *
Casting: Sticky Flame
Confirm with . or Enter, or press ? or * to list all spells.
Aiming: Sticky Flame
Press: ? - help, Shift-Dir - straight line, f - wolf simulacrum
Aim: a wolf simulacrum The sticky flame hits the wolf simulacrum.
The wolf simulacrum melts!
The wolf simulacrum is almost destroyed.
The wolf simulacrum is covered in liquid flames!
The wolf simulacrum burns!
The wolf simulacrum closely misses you.
The wolf spider simulacrum barely misses you.
The wolf spider simulacrum bites you but does no damage.
The wolf simulacrum misses you.
The wolf simulacrum burns!
The wolf simulacrum vapourises!
The wolf spider simulacrum hits you!
* * * LOW HITPOINT WARNING * * *
The wolf spider simulacrum freezes you!
You die...

≈ ≈≈≈ ≈≈ ≈
** ≈ * * ≈
** * *####
≈≈ *≈ * ,
##..##* **
** ,
##....###* ,
* ,,
#.......##..
,**, ,
#.§.∩.......
#.Z......Z.#
,
##@...##..##
** , ##..##
## * #### ,
*,, *


You could see a polar bear simulacrum (dormant) and a wolf spider simulacrum.

Vanquished Creatures
  2 hydras
  2 two-headed ogres
  2 black mambas (Lair:2)
  A komodo dragon (Lair:1)
  A spiny frog (Lair:2)
  A rime drake (Lair:1)
  3 polar bears (Lair:1)
  2 hippogriffs
  A basilisk (Lair:1)
  9 water moccasins
  3 porcupines (Lair:1)
  2 sky beasts (D:7)
  3 orc warriors
  An ice beast (D:5)
  6 black bears
  4 ogres
  6 wolves (Lair:1)
  A centaur (D:6)
  3 crocodiles
  3 bullfrogs
  A scorpion (D:9)
  A wight (D:7)
  2 crimson imps
  3 orc priests
  A jelly (D:7)
  2 hounds
  5 orc wizards
  A bullfrog skeleton (D:8)
  An iguana (D:5)
  Jessica (D:3)
  Natasha (thrice) (D:3)
  10 worker ants
  A polar bear simulacrum (IceCv)
  A wolf simulacrum (IceCv)
  A big kobold zombie (Ossuary)
  A mummy (D:5)
  12 adders
  2 shadow imps
  An ooze (D:5)
  4 adder zombies
  An adder skeleton (D:5)
  A worm (D:4)
  A dart slug (D:4)
  4 leopard geckos
  11 orcs
  4 ball pythons
  7 giant cockroaches
  9 goblins
  8 hobgoblins
  5 jackals
  2 quokkas
  8 bats
  3 frilled lizards
  2 hobgoblin zombies (Ossuary)
  16 kobolds
  2 kobold zombies (Ossuary)
  A leopard gecko skeleton (D:8)
  5 orc zombies (Ossuary)
  A quokka zombie (D:8)
  4 rats
205 creatures vanquished.

Vanquished Creatures (collateral kills)
  An elephant (D:9)
  Joseph (Lair:1)
  A polar bear (Lair:1)
  A hippogriff (D:9)
  3 water moccasins
  3 black bears (Lair:1)
  An ogre (D:7)
  A necrophage (D:9)
  2 crocodiles
  A big kobold (D:7)
  A bullfrog (D:7)
  2 wights (D:7)
  A bullfrog zombie (D:7)
  A quasit (D:9)
  An orc priest (D:7)
  A killer bee zombie (D:7)
  A mummy (Ossuary)
  An adder (D:4)
  A shadow imp (D:7)
  An ooze (D:3)
  2 adder zombies (Ossuary)
  3 orcs (D:9)
  2 gnoll zombies (Ossuary)
  A kobold (D:7)
  2 quokkas
  A hobgoblin zombie (Ossuary)
  A kobold zombie (Ossuary)
  2 butterflies (Lair:1)
  A plant (Lair:1)
41 creatures vanquished.

Vanquished Creatures (others)
  A water moccasin zombie (Ossuary)
  A mummy (Ossuary)
  2 hobgoblin zombies (Ossuary)
  A kobold zombie (Ossuary)
5 creatures vanquished.

Grand Total: 251 creatures vanquished

Notes
Turn   | Place    | Note
-------+----------+-------------------------------------------
     0 | D:1      | nubinia the Bultungin Necromancer began the quest for the Orb.
     0 | D:1      | Reached XP level 1. HP: 13/13 MP: 4/4
     2 | D:1      | Learned a level 1 spell: Animate Skeleton
   342 | D:1      | Reached XP level 2. HP: 16/19 MP: 1/6
   793 | D:1      | Reached XP level 3. HP: 24/24 MP: 6/8
   921 | D:2      | Learned a level 3 spell: Vampiric Draining
  1260 | D:2      | Reached XP level 4. HP: 30/30 MP: 7/10
  1447 | D:3      | Found a glowing golden altar of the Shining One.
  1522 | D:3      | Noticed Jessica
  1527 | D:3      | Killed Jessica
  1555 | D:3      | Noticed Natasha
  1567 | D:3      | Killed Natasha
  1567 | D:3      | Reached skill level 1 in Short Blades
  1567 | D:3      | Reached skill level 5 in Spellcasting
  1567 | D:3      | Reached XP level 5. HP: 27/36 MP: 4/12
  1665 | D:3      | Noticed Natasha
  1670 | D:3      | Killed Natasha
  1679 | D:3      | Learned a level 4 spell: Control Undead
  1864 | D:3      | Noticed Natasha
  1867 | D:3      | Killed Natasha
  2018 | D:4      | Learned a level 4 spell: Animate Dead
  2086 | D:4      | Reached XP level 6. HP: 42/42 MP: 15/15
  2106 | D:4      | Found Sydd's Distillery.
  2106 | D:4      | Found Ripniati's Magic Scroll Emporium.
  2274 | D:4      | Found a staircase to the Ecumenical Temple.
  2283 | Temple   | Entered the Ecumenical Temple
  2439 | Temple   | Became a worshipper of Ashenzari the Shackled
  2551 | D:4      | Found Yhadesh's Antique Armour Boutique.
  2976 | D:5      | Entered Level 5 of the Dungeon
  3051 | D:5      | Found a sand-covered staircase.
  3233 | Ossuary  | Entered an ossuary
  3440 | Ossuary  | Reached skill level 1 in Fighting
  3759 | Ossuary  | Learned a level 3 spell: Regeneration
  4379 | D:5      | Reached XP level 7. HP: 48/48 MP: 17/17
  4483 | D:5      | Found a snail-covered altar of Cheibriados.
  4484 | D:5      | Found a basalt altar of Yredelemnul.
  4485 | D:5      | Found a burning altar of Makhleb.
  4485 | D:5      | Found a deep blue altar of Sif Muna.
  4495 | D:5      | Found a bloodstained altar of Trog.
  4497 | D:5      | Found a shimmering altar of Xom.
  4692 | D:5      | Upgraded the game from 0.20-a0-967-g62cfa5d to 0.20-a0-971-g5896763
  5149 | D:6      | Reached skill level 5 in Stealth
  5421 | D:6      | Reached XP level 8. HP: 36/54 MP: 8/20
  5431 | D:6      | Reached * piety under Ashenzari
  6092 | D:7      | Reached XP level 9. HP: 56/62 MP: 15/22
  6276 | D:8      | Reached ** piety under Ashenzari
  6331 | D:8      | Noticed a two-headed ogre
  6342 | D:8      | Killed a two-headed ogre
  6342 | D:8      | Reached skill level 5 in Short Blades
  6840 | D:4      | Bought a dyed leather armour for 130 gold pieces
  6840 | D:4      | Bought a glowing hat for 182 gold pieces
  6895 | D:4      | Bought a scroll of remove curse for 36 gold pieces
  7080 | D:8      | Learned a level 1 spell: Magic Dart
  7244 | D:8      | Reached skill level 1 in Armour
  7306 | D:8      | Learned a level 2 spell: Poisonous Vapours
  7384 | D:9      | Reached skill level 1 in Poison Magic
  7442 | D:9      | Found a staircase to the Lair.
  7442 | D:9      | Noticed an elephant
  7516 | D:9      | Reached skill level 1 in Shields
  7555 | D:9      | Reached *** piety under Ashenzari
  7586 | D:9      | Reached XP level 10. HP: 53/73 MP: 13/23
  7645 | D:9      | Killed an elephant
  7712 | D:9      | Learned a level 3 spell: Mephitic Cloud
  7816 | D:9      | Noticed a two-headed ogre
  7822 | D:9      | Killed a two-headed ogre
  7822 | D:9      | Reached skill level 1 in Air Magic
  7841 | D:9      | Identified the cursed +2 falchion "Nuove" {protect, -Tele +Rage Str-2 Int+5}
  8048 | Lair:1   | Entered Level 1 of the Lair of Beasts
  8151 | Lair:1   | Reached skill level 5 in Fighting
  8241 | Lair:1   | Reached skill level 5 in Poison Magic
  8522 | Lair:1   | Reached **** piety under Ashenzari
  8528 | Lair:1   | Reached XP level 11. HP: 80/80 MP: 18/24
  8535 | Lair:1   | Noticed a seven-headed hydra
  8546 | Lair:1   | Noticed Joseph
  8573 | Lair:1   | Killed a seven-headed hydra
  8577 | Lair:1   | Killed Joseph
  8980 | Lair:1   | Reached skill level 5 in Air Magic
  9169 | Lair:1   | Learned a level 2 spell: Swiftness
  9174 | Lair:1   | Learned a level 4 spell: Sticky Flame
  9227 | Lair:2   | Found a staircase to the Snake Pit.
  9262 | Lair:2   | Reached skill level 1 in Fire Magic
  9325 | Lair:2   | Noticed a four-headed hydra
  9343 | Lair:2   | Killed a four-headed hydra
  9343 | Lair:2   | Reached skill level 5 in Armour
  9366 | Lair:2   | Found a frozen archway.
  9377 | IceCv    | Entered an ice cave
  9396 | IceCv    | Slain by a wolf spider simulacrum

Vault maps used:
D:1:      eino_arrival_water_cross, minmay_surrounded
D:2:      corexii_item_surrounded_by_moat
D:3:      old_standard_altar, minmay_misc_feat_square, uniq_jessica,
          uniq_natasha
D:4:      minmay_temple_entry_poolview, serial_shops, shop, shop, shop,
          first_bread, minivault_11
D:5:      grunt_temple_overflow_open, gup_ossuary_entry_pyramid, minivault_1
D:9:      david_lair_generic
Temple:   regret_index_temple_generic_petals
Lair:1:   beast_lair_carwin_large_3, grunt_megastairs_5, lemuel_fruit_fields,
          uniq_joseph
Lair:2:   minmay_snake_entry_six_corridors, portal_ice_cave_entry_pillars_2,
          lemuel_fruit_tree
Ossuary:  ossuary_tomb_2
IceCv:    ice_cave_small_necro

Skill      XL: |  1  2  3  4  5  6  7  8  9 10 11 |
---------------+----------------------------------+-----
Necromancy     | 6 7 8 9 |  9.3
Stealth        | 3 4 5 7 8 9 |  9.0
Spellcasting   | 4 5 6 7 8 9 |  9.1
Short Blades   | 1 2 3 6 8 |  8.8
Fighting       | 1 2 4 5 6 |  6.7
Dodging        | 4 6 8 |  8.2
Evocations     | 2 3 |  3.6
Armour         | 2 4 5 |  5.0
Conjurations   | 2 3 4 |  4.4
Poison Magic   | 3 5 6 |  6.3
Shields        | 1 2 3 |  3.5
Air Magic      | 3 5 |  5.8
Fire Magic     | 3 |  3.9
Charms         | |  0.8

Action                   |  1- 3 |  4- 6 |  7- 9 | 10-12 || total
-------------------------+-------+-------+-------+-------++-------
Melee: Mace              |     3 |       |       |       ||     3
       Unarmed           |     1 |       |       |       ||     1
       Dagger            |    17 |   156 |   267 |   192 ||   632
       Bite              |     1 |    12 |    17 |    19 ||    49
 Cast: Pain              |    39 |    27 |    20 |     9 ||    95
       Animate Skeleton  |    14 |    15 |     7 |     6 ||    42
       Vampiric Draining |     1 |     1 |    18 |     9 ||    29
       Animate Dead      |       |     4 |    21 |    22 ||    47
       Control Undead    |       |     7 |     5 |       ||    12
       Poisonous Vapours |       |       |     1 |     6 ||     7
       Magic Dart        |       |       |     1 |       ||     1
       Regeneration      |       |       |     1 |       ||     1
       Mephitic Cloud    |       |       |       |     7 ||     7
       Sticky Flame      |       |       |       |     2 ||     2
Invok: Curse Item        |       |     1 |     7 |       ||     8
Evoke: Wand              |       |       |     4 |     3 ||     7
  Use: Scroll            |     2 |     6 |     6 |     3 ||    17
       Potion            |     1 |     1 |     5 |       ||     7
 Stab: Sleeping          |     1 |    14 |    11 |    12 ||    38
       Invisible         |       |       |     2 |       ||     2
       Distracted        |       |       |     1 |     3 ||     4
       Confused          |       |       |       |     7 ||     7
       Paralysed         |       |       |       |     1 ||     1
  Eat: Chunk             |     1 |     5 |     9 |     8 ||    23
       Royal jelly       |       |     1 |     3 |       ||     4
       Bread ration      |       |     1 |       |       ||     1
Armor: Robe              |     2 |    20 |    26 |       ||    48
       Leather armour    |       |       |     7 |    25 ||    32
       Skin              |       |       |     1 |       ||     1
Dodge: Dodged            |    15 |    70 |   163 |   102 ||   350
Block: Buckler           |       |       |    10 |    17 ||    27
